 Dungeon Crawl Stone Soup version 0.28.0 (webtiles) character file.

Game seed: 2826070691334904093

56 hikkokomori the Stinger (level 4, -1/32 HPs)
             Began as a Formicid Venom Mage on Feb 10, 2022.
             Slain by an orc (2 damage)
             ... on level 3 of the Dungeon.
             The game lasted 00:05:51 (1793 turns).

hikkokomori the Stinger (Formicid Venom Mage)       Turns: 1793, Time: 00:05:56

Health: -1/32      AC:  5    Str: 15    XL:     4   Next: 15%
Magic:  7/8        EV: 12    Int: 14    God:
Gold:   105        SH:  0    Dex: 11    Spells: 7/8 levels left

rFire   . . .      SeeInvis +   e - +4 whip
rCold   . . .      Faith    .   (no shield)
rNeg    . . .      Spirit   .   a - +0 robe
rPois   .          Reflect  .   (helmet unavailable)
rElec   .          Harm     .   j - +0 cloak
rCorr   .          Rampage  .   f - +1 pair of gloves
Will    .....                   (no boots)
Stlth   ++........              (no amulet)
HPRegen 0.10/turn               (no ring)
MPRegen 0.11/turn               (no ring)

@: no status effects
A: permanent stasis, dig shafts and tunnels, antennae 3, four strong arms
a: Dig, Shaft Self


You were on level 3 of the Dungeon.
You visited 1 branch of the dungeon, and saw 3 of its levels.

You collected 105 gold pieces.

Inventory:

Hand Weapons
 b - a +0 dagger
 e - a +4 whip (weapon)
 g - a +0 hunting sling
Missiles
 d - 16 sling bullets
Armour
 a - a +0 robe (worn)
 f - a +1 pair of gloves (worn)
 j - a +0 cloak (worn)
Scrolls
 c - a scroll of magic mapping {unknown}
 h - a scroll of teleportation {unknown}
 i - a scroll of enchant weapon {unknown}
 k - a scroll of noise {unknown}


   Skills:
 + Level 1.4 Fighting
 - Level 1.7 Dodging
 + Level 3.2 Stealth
 + Level 2.7 Spellcasting
 + Level 1.9 Transmutations
 + Level 4.5 Poison Magic


You had 7 spell levels left.
You knew the following spells:

 Your Spells              Type           Power      Damage    Failure   Level
a - Sting                 Tmut/Pois      44%        1d5       6%          1

Your spell library contained the following spells:

 Spells                   Type           Power      Damage    Failure   Level
 Poisonous Vapours        Pois/Air       16%        N/A       13%         2
 Slow                     Hex            4%         N/A       22%         1
 Mephitic Cloud           Conj/Pois/Air  6%         N/A       34%         3
 Olgreb's Toxic Radiance  Pois           14%        N/A       34%         4
 Confusing Touch          Hex            1%         N/A       54%         3
 Vampiric Draining        Necr           1%         2d6       54%         3


Dungeon Overview and Level Annotations

Branches:
Dungeon (3/15)

Altars:
Uskayaw


Innate Abilities, Weirdness & Mutations

You cannot be hasted, slowed, berserked, paralysed or teleported.
You can dig through walls and to a lower floor.
You have a pair of large antennae on your head. (SInv)
Your four strong arms can wield two-handed weapons with a shield.


Message History

You hit the orc but do no damage.
The orc is lightly wounded.
The orc barely misses you. The orc hits you with a +0 mace.
You hit the orc.
The orc is lightly wounded.
The orc hits you with a +0 mace.
You completely miss the orc.
The orc is lightly wounded.
The orc hits you with a +0 mace.
You barely miss the orc.
The orc is lightly wounded.
The orc closely misses you.
You hit the orc.
The orc is severely wounded.
The orc closely misses you. The orc hits you with a +0 mace.
You hit the orc.
You kill the orc!
You barely miss the orc. Your punch misses the orc.
The orc hits you with a +0 flail.
* * * LOW HITPOINT WARNING * * *
You hit the orc.
The orc is lightly wounded.
The orc hits you with a +0 flail.
* * * LOW HITPOINT WARNING * * *
You closely miss the orc.
The orc is lightly wounded.
The orc hits you with a +0 flail.
* * * LOW HITPOINT WARNING * * *
You aren't carrying any potions.
Unknown command.
Casting: Sting (safe; 6% risk of failure)
Confirm with . or Enter, or press ? or * to list all spells.
Aiming: Sting (safe; 6% risk of failure)
Press: ? - help, Shift-Dir - straight line, f - orc
Aim: an orc, wielding a +0 flail and wearing a +0 scale mail (lightly wounded, 75% to hit)
The sting hits the orc.
The orc is poisoned.
The orc is almost dead.
The orc hits you with a +0 flail.
You die...

.......# ####.......##.#
####...# #......(....#.#
#...## #.##.(......#.#
#....########.##(#...##^#.#
#..............(.....##.#.#
#................##..##.#.#
#.#.######.##.#####..#....#
#.#.# #.##o# ...#<.###
..#.# #.##@# #..#..# ##....
..##.# # #..#..# #.. ..##.#
#.#..#..# ##
#.###.###.#..#..# ..
#...........# ...
......#..#.#####
...###.............
#....###.#..#####
##..###.#..##


You could see an orc (poisoned).

Vanquished Creatures
  An adder (D:3)
  3 worms (D:2)
  2 dart slugs (D:3)
  2 orcs (D:3)
  6 ball pythons
  A bat (D:2)
  2 endoplasms (D:1)
  2 giant cockroaches (D:3)
  3 hobgoblins
  4 goblins
  3 kobolds
  2 rats
31 creatures vanquished.

Notes
Turn   | Place    | Note
-------+----------+-------------------------------------------
     0 | D:1      | hikkokomori the Formicid Venom Mage began the quest for the
                  | Orb.
     0 | D:1      | Reached XP level 1. HP: 13/13 MP: 3/3
   413 | D:1      | Reached XP level 2. HP: 20/20 MP: 1/5
   874 | D:2      | Found a hide-covered altar of Uskayaw.
   929 | D:2      | Reached skill level 1 in Fighting
   929 | D:2      | Reached XP level 3. HP: 26/26 MP: 0/6
  1685 | D:3      | Reached XP level 4. HP: 32/32 MP: 7/7
  1792 | D:3      | HP: 1/32 [orc (4)]
  1793 | D:3      | Slain by an orc

Illustrated notes

Levels and vault maps discovered:
D:1:      matt_arrival_spirals, layout_loops_cross
D:2:      layout_basic, basic_altar
D:3:      layout_loops_ring, shapermc_ecumenical_altar_venn

Skill      XL: |  1  2  3 |
---------------+----------+-----
Fighting       | 1 |  1.4
Stealth        | 3 |  3.2
Dodging        | |  1.7
Spellcasting   | |  2.7
Transmutations | |  1.9
Poison Magic   | |  4.5

Action                   |  1- 3 |  4- 6 || total
-------------------------+-------+-------++-------
Melee: Dagger            |     4 |       ||     4
       Whip              |     8 |    13 ||    21
 Fire: Hunting sling     |    19 |     5 ||    24
 Cast: Sting             |    38 |     1 ||    39
 Stab: Sleeping          |     1 |       ||     1
Armor: Robe              |     9 |       ||     9
Dodge: Dodged            |    15 |     6 ||    21
